 Dungeon Crawl Stone Soup version 0.31-a0-1-g4198be8af4 (webtiles) character file.

Game seed: 11761327421756176877

88 Jeffwins the Grave Robber (level 4, -1/27 HPs)
             Began as an Octopode Necromancer on May 1, 2023.
             Slain by an endoplasm (3 damage)
             ... on level 2 of the Dungeon.
             The game lasted 00:02:25 (1319 turns).

Jeffwins the Grave Robber (Octopode Necromancer)    Turns: 1319, Time: 00:02:26

Health: -1/27      AC: -7    Str:  7    XL:     4   Next: 54%
Magic:  2/8        EV: 13    Int: 19    God:
Gold:   93         SH:  0    Dex: 12    Spells: 5/9 levels left

rFire   . . .        (no weapon)
rCold   . . .        (no shield)
rNeg    . . .        (helmet restricted)
rPois   .            (no amulet)
rElec   .            (no ring)
rCorr   .            (no ring)
SInv    .            (no ring)
Will    .....        (no ring)
Stlth   +++          (no ring)
HPRegen 0.24/turn    (no ring)
MPRegen 0.11/turn    (no ring)
                     (no ring)

%: no passive effects
@: corroded, attractive, very slightly contaminated
A: almost no armour, amphibious, 8 rings, camouflage 1, gelatinous body 1,
(nimble swimmer 1), tentacles
a: no special abilities


You were on level 2 of the Dungeon.
You visited 1 branch of the dungeon, and saw 2 of its levels.

You collected 93 gold pieces.


Innate Abilities, Weirdness & Mutations

You cannot wear most types of armour.
You are amphibious.
You can wear up to eight rings at the same time.
Your skin changes colour to match your surroundings (Stealth+).
Your rubbery body absorbs attacks. (AC +1, EV +1)
((You are camouflaged when in or above water. (Stealth+)))
You have tentacles for arms and can constrict up to eight enemies at once.


   Skills:
 + Level 2.5 Dodging
 + Level 3.6 Stealth
 * Level 3.0 Spellcasting
 * Level 4.6 Necromancy


You had 5 spell levels left.
You knew the following spells:

 Your Spells              Type           Power      Damage    Failure   Level
x - Vampiric Draining     Necr           20%        2d7       7%          3
z - Necrotise             Necr           80%        1d8       2%          1

Your spell library contained the following spells:

 Spells                   Type           Power      Damage    Failure   Level
 Animate Dead             Necr           20%        N/A       22%         4
 Portal Projectile        Hex/Tloc       4%         N/A       41%         3
 Tukima's Dance           Hex            2%         N/A       41%         3
 Agony                    Necr           20%        N/A       54%         5
 Blade Hands              Tmut           1%         N/A       99%         5

Inventory:

Armour
 f - an orb of light
Scrolls
 c - a scroll of immolation {unknown}
 d - a scroll of identify {unknown}
 e - a scroll of fog {unknown}
 g - 2 scrolls of noise {unknown}
 i - 2 scrolls of enchant armour {unknown}
 j - a scroll of fear {unknown}
 k - a scroll of teleportation {unknown}
Potions
 a - a potion of magic
 b - 2 potions of attraction {!q}
 h - a potion of curing {unknown}

Dungeon Overview and Level Annotations

Branches:
Dungeon (2/15)

Altars:

Annotations:
D:2 1 runed translucent door, Crazy Yiuf

##.....##
#.......#
#.......#
#.......#
#.......#
#....####
#....'..##
########.#
##@.....##
#J#######
#.J..J.JJ.
#...÷.÷JPJ
#..J...÷P.
#.P.......
#......JP.
#J...÷.÷.)
##########


You could see 3 endoplasms.


Message History

Press: ? - help, Shift-Dir - straight line, f/p - jelly
Aim: a jelly (severely wounded, chance to affect: 84%)
The jelly writhes in agony.
Something hits the fungus.
The jelly closely misses you.
The endoplasm hits the fungus.
Unknown command.
Casting: Necrotise (safe; 2% risk of failure)
Confirm with . or Enter, or press ? or * to list all spells.
Aiming: Necrotise (safe; 2% risk of failure)
Press: ? - help, Shift-Dir - straight line, f/p - jelly
Aim: a jelly (severely wounded, chance to affect: 84%)
You miscast Necrotise.
You are very lightly contaminated with residual magic.
Nothing appears to happen.
The jelly hits you.
* * * LOW HITPOINT WARNING * * *
The acid corrodes you!
You are splashed with acid.
* * * LOW HITPOINT WARNING * * *
Something hits the fungus.
The endoplasm hits the fungus.
Casting: Necrotise (safe; 2% risk of failure)
Confirm with . or Enter, or press ? or * to list all spells.
Aiming: Necrotise (safe; 2% risk of failure)
Press: ? - help, Shift-Dir - straight line, f/p - jelly
Aim: a jelly (severely wounded, chance to affect: 84%)
The jelly writhes in agony.
You kill the jelly!
A nearby fungus withers and dies.
Your Spellcasting skill increases to level 3!
It was a potion of attraction.
You feel attractive to monsters. The endoplasm hits you.
You die...

Skill      XL: |  1  2  3  4 |
---------------+-------------+-----
Stealth        | 3 |  3.6
Spellcasting   | 3 |  3.0
Dodging        | |  2.5
Necromancy     | |  4.6

Action                     |  1- 3 |  4- 6 || total
---------------------------+-------+-------++-------
  Melee: Unarmed           |    75 |     2 ||    77
         Constrict         |    17 |       ||    17
         Tentacles         |    21 |     1 ||    22
   Cast: Necrotise         |    32 |     6 ||    38
    Use: Potion            |       |     1 ||     1
   Stab: Sleeping          |     8 |     1 ||     9
 Armour: Skin              |     5 |     1 ||     6
  Dodge: Dodged            |    61 |     4 ||    65

Levels and vault maps discovered:
D:1:      evilmike_arrival_hilbert_curve, layout_basic
D:2:      cheibrodos_fertilizer, layout_basic, chequers_arboretum,
          minmay_misc_feat_columns, uniq_crazy_yiuf_cottage

Notes
Turn   | Place    | Note
-------+----------+-------------------------------------------
     0 | D:1      | Jeffwins the Octopode Necromancer began the quest for the
                  | Orb.
     0 | D:1      | Reached XP level 1. HP: 11/11 MP: 3/3
    80 | D:1      | Reached XP level 2. HP: 17/17 MP: 0/5
   171 | D:1      | Reached skill level 3 in Stealth
   413 | D:1      | Reached XP level 3. HP: 21/21 MP: 6/6
   420 | D:1      | Learned a level 3 spell: Vampiric Draining
  1120 | D:2      | Found a runed translucent door.
  1121 | D:2      | Noticed Crazy Yiuf
  1202 | D:2      | Reached XP level 4. HP: 10/27 MP: 0/8
  1317 | D:2      | HP: 2/27 [acid (6)]
  1319 | D:2      | Reached skill level 3 in Spellcasting
  1319 | D:2      | Slain by an endoplasm

Vanquished Creatures
  A jelly (D:2)
  An adder (D:2)
  2 dart slugs
  3 endoplasms
  A giant cockroach (D:2)
  2 goblins
  5 hobgoblins
  5 jackals (D:1)
  8 kobolds
  A quokka (D:2)
  3 ball pythons
  2 bats (D:1)
  3 frilled lizards (D:1)
  A rat (D:1)
38 creatures vanquished.

Vanquished Creatures (collateral kills)
  2 hobgoblins (D:1)
  A ball python (D:1)
  A kobold (D:2)
4 creatures vanquished.

Vanquished Creatures (others)
  3 fungi (D:2)
  11 toadstools (D:2)
14 creatures vanquished.

Grand Total: 56 creatures vanquished

Table legend: (Time is in decaauts)
 A = Elapsed time spent in this place.
 B = Non-inter-level travel time spent in this place.
 C = Inter-level travel time spent in this place.
 D = Time resting spent in this place.
 E = Time spent auto-exploring this place.
 F = Levels seen in this place.
 G = Mean time per level.
                   A        B        C        D        E       F      G
               +--------+--------+--------+--------+--------+-----+--------+
         Total |   1318 |   1234 |     84 |     29 |    900 |   2 |  659.0 |
       Dungeon |   1318 |   1234 |     84 |     29 |    900 |   2 |  659.0 |
               +--------+--------+--------+--------+--------+-----+--------+

Top non-repeatable levels by time:
     D:1: 874 daAuts
     D:2: 444 daAuts

Table legend:
 A = Non-vault XP
 B = Vault XP
 C = Vault XP percentage of total XP
 D = Non-vault monster count
 E = Vault monster count
 F = Vault count percentage of total count
                 A         B        C        D         E       F
            +---------+---------+-------+---------+---------+-------
      Total |      73 |      54 |  42.5 |      33 |       9 |  21.4
            +---------+---------+-------+---------+---------+-------
        D:1 |      45 |       0 |   0.0 |      25 |       0 |   0.0
        D:2 |      28 |      54 |  65.9 |       8 |       9 |  52.9
            +---------+---------+-------+---------+---------+-------
